 Dungeon Crawl Stone Soup version 0.25.0-9-g26727b657a (webtiles) character file.

Game seed: 13794667799089138143

36 Esekla the Grasshopper (level 3, -32/20 HPs)
             Began as a Deep Elf Warper on June 20, 2020.
             Annihilated by an ogre
             ... wielding a +0 giant spiked club
              (34 damage)
             ... on level 4 of the Dungeon.
             The game lasted 00:13:35 (2350 turns).

Esekla the Grasshopper (Deep Elf Warper)            Turns: 2350, Time: 00:13:35

Health: -32/20     AC:  1    Str:  8    XL:     3   Next: 19%
Magic:  1/9        EV: 13    Int: 17    God:
Gold:   75         SH:  5    Dex: 15    Spells: 4/8 levels left

rFire    . . .     SeeInvis .   a - +0 falchion
rCold    . . .     Gourm    .   (no shield)
rNeg     . . .     Faith    .   (no armour)
rPois    .         Spirit   .   (no helmet)
rElec    .         Reflect  +   (no cloak)
rCorr    +         Harm     .   b - +0 pair of gloves
MR       .....                  (no boots)
Stlth    +.........             g - amulet of reflection
HPRegen  0.06/turn              p - ring of resist corrosion
MPRegen  0.11/turn              (no ring)

@: no status effects
A: no striking features
a: no special abilities


You were on level 4 of the Dungeon.
You were hungry.

You visited 1 branch of the dungeon, and saw 4 of its levels.

You collected 75 gold pieces.

Inventory:

Hand Weapons
 a - a +0 falchion (weapon)
 s - a +0 short sword
Missiles
 e - 5 boomerangs of dispersal
 j - 19 poisoned darts (quivered)
Armour
 b - a +0 pair of gloves (worn)
Jewellery
 g - an amulet of reflection (around neck)
 p - a ring of resist corrosion (left hand)
Scrolls
 c - 2 scrolls of immolation {unknown}
 d - 2 scrolls of blinking
 h - a scroll of amnesia {unknown}
 l - 3 scrolls of remove curse {unknown}
 m - 2 scrolls of magic mapping {unknown}
 n - 2 scrolls of teleportation {unknown}
Potions
 i - a potion of curing {unknown}
 k - a potion of flight {unknown}
 o - a potion of degeneration {unknown}
Comestibles
 f - 7 rations


   Skills:
 - Level 1.5 Fighting
 * Level 2.7 Long Blades
 + Level 1.1 Throwing
 - Level 0.7 Armour
 * Level 3.3 Dodging
 - Level 3.0 Spellcasting
 + Level 3.3 Translocations


You had 4 spell levels left.
You knew the following spells:

 Your Spells              Type           Power        Failure   Level  Hunger
a - Shroud of Golubria    Chrm/Tloc      #.....       13%         2    ##.....
b - Blink                 Tloc           N/A          7%          2    ##.....

Your spell library contained the following spells:

 Spells                   Type           Power        Failure   Level  Hunger
 Gell's Gravitas          Tloc           ##........   13%         3    ###....
 Lesser Beckoning         Tloc           ##........   13%         3    ###....
 Teleport Other           Tloc           ##......     13%         3    ###....
 Passage of Golubria      Tloc           N/A          41%         4    ####...


Dungeon Overview and Level Annotations

Branches:
Dungeon (4/15)
 Temple: D:4-7

Altars:


Message History

The jackal misses you.
You closely miss the jackal. The jackal bites you.
* * * LOW HITPOINT WARNING * * *
You block the jackal's attack. The jackal closely misses you.
The jackal barely misses you.
You hit the jackal.
The jackal is moderately wounded.
You block the jackal's attack. The jackal barely misses you.
You hit the jackal.
The jackal is severely wounded.
The jackal misses you.
You riposte.
You slash the jackal!
You kill the jackal!
The jackal bites you.
* * * LOW HITPOINT WARNING * * *
The jackal misses you.
You hit the jackal.
You kill the jackal!
The ogre hits you with a +0 giant spiked club!!
Ouch! That really hurt!
You die...

...#
###########
...#
#Zh..h....#
...
#.#######.#
..# #.#.#
#Z# ..#
#.#Z# #O#
..####.#.#
#@#
.......#h#
#†#
.......#§#
#.#
#......#h#
#.####
#......#.#
#....#
###.?...O#
####.#
#...#### #
# ##### #


You could see an ogre and an adder skeleton.

Vanquished Creatures
  A dart slug (D:1)
  5 bats
  A goblin (D:3)
  6 hobgoblins
  4 jackals
  A quokka (D:2)
  2 ball pythons
  3 frilled lizards
  5 kobolds
  4 rats
32 creatures vanquished.

Notes
Turn   | Place    | Note
-------+----------+-------------------------------------------
     0 | D:1      | Esekla the Deep Elf Warper began the quest for the Orb.
     0 | D:1      | Reached XP level 1. HP: 12/12 MP: 6/6
   661 | D:1      | Reached XP level 2. HP: 15/16 MP: 8/8
   665 | D:1      | Learned a level 2 spell: Shroud of Golubria
   668 | D:1      | Learned a level 2 spell: Blink
  2106 | D:3      | Reached XP level 3. HP: 20/20 MP: 6/9
  2180 | D:4      | Noticed an ogre
  2350 | D:4      | Annihilated by an ogre

Illustrated notes

Levels and vault maps discovered:
D:1:      nicolae_arrival_washed_ashore, layout_loops_corners,
          serial_park_tiny_1
D:2:      layout_loops_ring, ashenzari_conservatory_becter, first_ration,
          minmay_tetromino_s4
D:3:      layout_basic, nemelex_xobeh_ov_fountains_minmay, marbit_many_paths,
          kennysheep_generic_room_8, uniq_robin, uniq_jessica
D:4:      layout_basic, minmay_temple_entry_statues_pillars, okawaru_gym_becter

Skill      XL: |  1  2 |
---------------+-------+-----
Long Blades    | 2 |  2.7
Dodging        | 3 |  3.3
Fighting       | |  1.5
Throwing       | |  1.1
Armour         | |  0.7
Spellcasting   | |  3.0
Translocations | |  3.3

Action                   || total
-------------------------++-------
Melee: Falchion          ||   108
Throw: Dart              ||     3
 Cast: Shroud of Golubri ||    14
       Blink             ||     4
 Stab: Sleeping          ||     3
  Eat: Chunk             ||     5
Armor: Skin              ||    13
Dodge: Dodged            ||    69
Block: Other             ||    26
       Rpst.: Falchion   ||    23
